 Dungeon Crawl Stone Soup version 0.30.1-11-g7821555f0a (webtiles) character file.

Game seed: 5758416584369847508

2366 jagang the Covered (level 9, -2/68 (69) HPs)
             Began as a Human Monk on Dec 22, 2023.
             Was a Believer of Makhleb.
             Slain by a wyvern (11 damage)
             ... on level 6 of the Dungeon.
             The game lasted 00:13:29 (6143 turns).

jagang the Covered (Human Monk)                     Turns: 6143, Time: 00:13:29

HP:   -2/68 (69)    AC: 16    Str: 11    XL:     9   Next: 72%
MP:   11/11         EV:  4    Int: 11    God:    Makhleb [**....]
Gold: 265           SH:  0    Dex: 26    Spells: 8/8 levels left

rFire   . . .        y - +1 rapier (vamp)
rCold   . . .        d - orb {light}
rNeg    + . .        E - +0 plate armour
rPois   .            (no helmet)
rElec   .            x - +0 cloak
rCorr   .            k - +0 pair of gloves
SInv    .            (no boots)
Will    .....        (no amulet) Stlth
                     l - +6 ring of dexterity
HPRegen 0.31/turn    n - ring of positive energy
MPRegen 0.12/turn

%: no passive effects
@: glowing, lightly drained
A: no striking features
a: Renounce Religion, Minor Destruction


You were on level 6 of the Dungeon.
You worshipped Makhleb.
Makhleb was pleased with you.
You visited 2 branches of the dungeon, and saw 7 of its levels.

You collected 265 gold pieces.

Inventory:

Hand Weapons
 y - a +1 vampiric rapier (weapon)
 D - a +0 scimitar
Missiles
 h - 5 poisoned darts (quivered)
Armour
 d - an orb of light (worn)
 k - a +0 pair of gloves (worn)
 x - a +0 cloak (worn)
 E - a +0 plate armour (worn)
Jewellery
 a - a ring of wizardry
 l - a +6 ring of dexterity (left hand)
 n - a ring of positive energy (right hand)
 w - a ring of protection from fire
Scrolls
 f - 2 scrolls of noise
 o - a scroll of torment
 p - 2 scrolls of vulnerability
 q - 2 scrolls of magic mapping {unknown}
 r - 2 scrolls of teleportation {unknown}
 v - a scroll of enchant armour
 z - a scroll of fog {unknown}
 B - a scroll of silence {unknown}
 C - a scroll of poison {unknown}
Potions
 b - a potion of magic {unknown}
 c - a potion of ambrosia
 e - a potion of lignification {unknown}
 g - 3 potions of degeneration {unknown}
 i - 4 potions of curing {unknown}
 j - a potion of mutation {unknown}
 m - a potion of heal wounds {unknown}
 s - a potion of resistance {unknown}
 t - a potion of flight {unknown}
 u - 2 potions of berserk rage {unknown}
 A - a potion of brilliance {unknown}


   Skills:
 + Level 6.2 Fighting
 + Level 6.3 Long Blades
 - Level 3.6 Throwing
 * Level 7.8 Armour
 - Level 3.0 Dodging
 + Level 3.9 Invocations


You had 8 spell levels left.
You didn't know any spells.
Your spell library contained the following spells:

 Spells                   Type           Power      Damage    Failure   Level
 Slow                     Hex            0%         N/A       100%        1
 Confusing Touch          Hex            0%         N/A       100%        3
 Inner Flame              Hex/Fire       0%         N/A       100%        3
 Vampiric Draining        Necr           0%         2d6       100%        3
 Flame Wave               Conj/Fire      0%         2d4       100%        4
 Sticky Flame             Conj/Fire      0%         2d3       100%        4


Dungeon Overview and Level Annotations

Branches:
Dungeon (6/15)             Temple (1/1) D:5

Altars:
Ashenzari
Cheibriados
Dithmenos
Elyvilon
Fedhas
Hepliaklqana
Kikubaaqudgha
Makhleb
Nemelex Xobeh
Okawaru
Ru
Sif Muna
Trog
Uskayaw
Vehumet
Wu Jian
Xom
Yredelemnul
Zin
The Shining One


Message History

You hit Sigmund.
Sigmund is almost dead.
Sigmund points at you and mumbles some strange words.
You are confused.
You puncture Sigmund!
You feel better.
You kill Sigmund!
Makhleb accepts your kill. The wyvern attacks as you move away!
The wyvern bites you but does no damage.
The wyvern bites you!
You're too confused to move!
The wyvern barely misses you.
You closely miss the wyvern. The wyvern bites you!
The wyvern bites you but does no damage.
You hit the wyvern but do no damage.
The wyvern bites you but does no damage.
The wyvern attacks as you move away! The wyvern bites you!
You feel less confused.
The wyvern bites you but does no damage.
You hit the wyvern but do no damage.
The wyvern bites you but does no damage.
You completely miss the wyvern.
The wyvern bites you but does no damage.
The wyvern bites you!
* * * LOW HITPOINT WARNING * * *
You hit the wyvern.
You feel better.
The wyvern is lightly wounded.
The wyvern bites you.
* * * LOW HITPOINT WARNING * * *
You hit the wyvern.
You feel better.
The wyvern is moderately wounded.
The wyvern bites you but does no damage.
The wyvern bites you.
* * * LOW HITPOINT WARNING * * *
You hit the wyvern.
You feel better.
The wyvern is moderately wounded.
The wyvern barely misses you.
You hit the wyvern but do no damage.
The wyvern is moderately wounded.
The wyvern bites you!
You die...

#...................#
#...................#
#..................#
####..................# .
...#......)..########## ..
..........).....# ### ...
#............# #.. ....
#............#####.. .@...
#.l@.##.#....##.....
......#....##.#...........
......).......#....##.....
..............#...........
..............'..#.##.....
..............#..#........
######....###............#
...... #.............
........#.............


You could see a wyvern.

Vanquished Creatures
  Grinder (D:6)
  Prince Ribbit (D:5)
  Sigmund (D:6)
  Eustachio (D:4)
  Menkaure (D:5)
  A water moccasin (D:5)
  A black bear (D:6)
  An orc warrior (D:6)
  An ogre (D:5)
  A phantom (D:5)
  A bullfrog (D:6)
  3 scorpions
  4 wights (D:6)
  Crazy Yiuf (D:4)
  2 gnoll boudas (D:5)
  An orc priest (D:6)
  2 hounds
  4 iguanas
  A sleepcap (D:6)
  Natasha (thrice) (D:4)
  2 orc wizards (D:6)
  5 adders
  8 gnolls
  A worm (D:4)
  2 dart slugs
  14 orcs
  8 endoplasms
  4 giant cockroaches
  10 goblins
  12 hobgoblins
  A jackal (D:4)
  7 kobolds
  3 quokkas
  10 ball pythons
  11 bats
  3 frilled lizards
  4 rats
137 creatures vanquished.

Vanquished Creatures (others)
  2 orcs (D:6)
2 creatures vanquished.

Grand Total: 139 creatures vanquished

Notes
Turn   | Place    | Note
-------+----------+-------------------------------------------
     0 | D:1      | jagang the Human Monk began the quest for the Orb.
     0 | D:1      | Reached XP level 1. HP: 18/18 MP: 1/1
   134 | D:1      | Reached skill level 1 in Armour
   134 | D:1      | Reached XP level 2. HP: 17/24 MP: 2/2
   408 | D:1      | Reached XP level 3. HP: 29/29 MP: 3/3
   948 | D:2      | Found an ornate altar of the Wu Jian Council.
   982 | D:2      | Reached skill level 2 in Armour
   982 | D:2      | Reached XP level 4. HP: 31/35 MP: 4/4
  1189 | D:2      | Reached skill level 1 in Throwing
  1797 | D:3      | Reached XP level 5. HP: 41/41 MP: 5/5
  2023 | D:3      | Found a hazy altar of Hepliaklqana.
  2395 | D:4      | Noticed Natasha
  2404 | D:4      | Killed Natasha
  2408 | D:4      | Reached skill level 3 in Armour
  2470 | D:4      | Reached XP level 6. HP: 45/48 MP: 6/6
  2514 | D:4      | Noticed Eustachio
  2533 | D:4      | Killed Eustachio
  2570 | D:4      | Noticed Natasha
  2578 | D:4      | Killed Natasha
  2579 | D:4      | Reached skill level 4 in Armour
  2579 | D:4      | Reached XP level 7. HP: 41/54 MP: 7/7
  2582 | D:4      | Noticed Natasha
  2593 | D:4      | Killed Natasha
  2694 | D:4      | Found an iron altar of Okawaru.
  3018 | D:4      | Found a runed translucent door.
  3019 | D:4      | Noticed Crazy Yiuf
  3028 | D:4      | Killed Crazy Yiuf
  3238 | D:5      | Entered Level 5 of the Dungeon
  3399 | D:5      | Noticed a water moccasin
  3419 | D:5      | Killed a water moccasin
  3420 | D:5      | Reached skill level 5 in Armour
  3420 | D:5      | Reached XP level 8. HP: 21/61 MP: 8/8
  3682 | D:5      | Found a staircase to the Ecumenical Temple.
  3682 | D:5      | Noticed Menkaure
  3697 | D:5      | Killed Menkaure
  3698 | D:5      | Reached skill level 5 in Fighting
  3698 | D:5      | Reached skill level 5 in Long Blades
  3839 | Temple   | Entered the Ecumenical Temple
  4238 | Temple   | Became a worshipper of Makhleb the Destroyer
  4238 | Temple   | Reached * piety under Makhleb
  4238 | Temple   | Reached ** piety under Makhleb
  4486 | D:5      | Reached skill level 1 in Invocations
  4758 | D:5      | Noticed Prince Ribbit
  4776 | D:5      | Reached skill level 6 in Armour
  4799 | D:5      | Killed Prince Ribbit
  4800 | D:5      | Reached XP level 9. HP: 58/68 MP: 10/10
  4917 | D:6      | Noticed Grinder
  4930 | D:6      | Paralysed by Grinder for 3 turns
  4948 | D:6      | Paralysed by Grinder for 2 turns
  4955 | D:6      | Paralysed by Grinder for 5 turns
  4974 | D:6      | Paralysed by Grinder for 2 turns
  4977 | D:6      | Killed Grinder
  4978 | D:6      | Reached skill level 7 in Armour
  5154 | D:6      | Found a sacrificial altar of Ru.
  6118 | D:6      | Noticed Sigmund
  6132 | D:6      | Killed Sigmund
  6143 | D:6      | Slain by a wyvern

Illustrated notes

Levels and vault maps discovered:
D:1:      psy_arrival_dodecagon, layout_basic
D:2:      layout_loops_corners, basic_altar
D:3:      layout_loops_ring, nicolae_hepliaklqana_hazy_memory,
          minmay_misc_feat_rugged, serial_bayou_lake_a
D:4:      minmay_recursive_quarters, layout_rooms, okawaru_metal_pillars_3,
          uniq_eustachio, uniq_natasha, uniq_crazy_yiuf_cottage
D:5:      layout_basic, minmay_temple_entry_tees, uniq_menkaure,
          uniq_prince_ribbit1
D:6:      layout_basic, mainiacjoe_overflow_small_starburst,
          nicolae_overflow_hidden_temple, abandoned_shop, lemuel_flamethrower_2,
          uniq_sigmund, uniq_grinder, uniq_pikel
Temple:   bh_familiar_temple

Skill      XL: |  1  2  3  4  5  6  7  8  9 |
---------------+----------------------------+-----
Armour         | 1 2 3 4 5 6 7 |  7.8
Throwing       | 1 2 3 |  3.6
Fighting       | 4 5 6 |  6.2
Long Blades    | 4 5 6 |  6.3
Invocations    | 2 3 |  3.9
Dodging        | |  3.0

Action                     |  1- 3 |  4- 6 |  7- 9 || total
---------------------------+-------+-------+-------++-------
  Melee: Falchion          |    61 |   136 |    61 ||   258
         Rapier            |       |       |   299 ||   299
  Throw: Dart              |     1 |       |     7 ||     8
    Use: Scroll            |       |       |     4 ||     4
 Armour: Ring mail         |    23 |     8 |       ||    31
         Robe              |     1 |       |       ||     1
         Chain mail        |       |    65 |   193 ||   258
         Plate armour      |       |       |    32 ||    32
  Dodge: Dodged            |    42 |    58 |   141 ||   241
